 Dungeon Crawl Stone Soup version 0.17.1-3-g152610e (webtiles) character file.

95 Miyamura the Caller (level 4, -2/25 HPs)
             Began as a Tengu Summoner on Mar 4, 2016.
             Killed by divine providence
             ... invoked by an orc priest
              (11 damage)
             ... on level 3 of the Dungeon.
             The game lasted 00:10:32 (3839 turns).

Miyamura the Caller (Tengu Summoner)                Turns: 3839, Time: 00:10:32

Health: -2/25      AC:  4    Str:  6 (8)  XL:     4   Next: 65%
Magic:  3/9        EV: 13    Int: 17      God:
Gold:   138        SH:  0    Dex: 14      Spells: 3 memorised, 2 levels left

rFire  . . .     SeeInvis .     n - +1 dagger
rCold  . . .     Clarity  .     a - +1 robe
rNeg   . . .     SustAt   .     (no shield)
rPois  .         Gourm    .     (helmet restricted)
rElec  .         Spirit   .     t - +0 cloak
rCorr  .         Warding  .     (no gloves)
rMut   .         Stasis   .     (boots unavailable)
MR     .....                    (no amulet)
Stlth  ++........               (no ring)
                                r - +3 ring of slaying

@: not resistant to hostile enchantments, unstealthy
A: beak, talons 3, high mp 1
a: no special abilities


You were on level 3 of the Dungeon.
You were not hungry.

You visited 1 branch of the dungeon, and saw 3 of its levels.

You collected 138 gold pieces.

Inventory:

Hand Weapons
 n - a +1 dagger (weapon)
Missiles
 j - 17 poisoned needles
Armour
 a - a +1 robe (worn)
 t - a +0 cloak (worn)
Jewellery
 r - a +3 ring of slaying (left hand)
Scrolls
 e - a scroll of enchant armour
 k - 4 scrolls of remove curse
 s - a scroll of teleportation
 u - a scroll of enchant weapon
 v - a scroll of identify
 w - a scroll of fear
Potions
 d - a potion of might
 g - a potion of flight
 l - 4 potions of curing
 o - a potion of haste
 p - a potion of heal wounds
Books
 b - a book of Callings

   Spells                             Type                      Level
   a - Summon Small Mammal            Summoning                    1
   b - Call Imp                       Summoning                    2
   c - Call Canine Familiar           Summoning                    3
   d - Summon Guardian Golem          Hexes/Summoning              3
   e - Summon Lightning Spire         Summoning/Air                4
   f - Summon Ice Beast               Ice/Summoning                4
Comestibles
 c - 4 bread rations
 f - 5 chunks of flesh
 h - 3 meat rations
 i - a beef jerky
 m - a royal jelly


   Skills:
 + Level 1.2 Fighting
 + Level 3.1 Dodging
 + Level 2.4 Stealth
 + Level 2.6 Spellcasting
 + Level 5.6 Summonings


You had 2 spell levels left.
You knew the following spells:

 Your Spells              Type           Power        Failure   Level  Hunger
a - Summon Small Mammal   Summ           ###.         1%          1    #......
b - Call Canine Familiar  Summ           ###.....     8%          3    ###....
c - Call Imp              Summ           ###.....     2%          2    ##.....


Dungeon Overview and Level Annotations

Branches:
Dungeon (3/15)

Altars:
Elyvilon
Fedhas


Innate Abilities, Weirdness & Mutations

You have a beak for a mouth.
You have claws for feet.
You have an increased reservoir of magic (+10% MP).


Message History

Confirm with . or Enter, or press ? or * to list all spells.
A beastly little devil appears in a puff of flame.
The orc barely misses you.
The orc priest looks braver for a moment.
Your crimson imp barely misses the orc.
Unknown command.
What do you say? t - Shout!
Orders for allies: a - Attack new target. r - Retreat! s - Stop attacking. w - Wait here. f - Follow me.
Anything else - Stay silent.
Gang up on whom?
Press: ? - help, Dir - move target cursor, f - orc priest
Aim: an orc priest Attack!
The orc hits you but does no damage.
Your shadow imp hits the orc priest.
The orc hits you with a flail!
The orc priest mumbles some strange prayers to Beogh against you.
Something smites you!
You die...

#.# #.##..#.# #.#
##$....## #.###.#.#
##.## ##.......## #.#
.#.#
##...####.........# #..
.#.##
#.......+.........+ ...
.....
##...####.........# ##.
.#### ####.###
#..55...# ###......#
#.5oo.# #.......?#
#.@o# #.#.##...# ##'##
# #.##...# #.# #......#
#.# #### #.###..####
##.#..... #
#.....###....#
#.#.###......#.....##
#......................
###.###.......##.#.####


You could see an orc priest, 2 orcs, 2 friendly crimson imps and a friendly
shadow imp.

Vanquished Creatures
  2 adders
  2 orcs (D:3)
  A ball python (D:3)
  A giant cockroach (D:2)
  3 hobgoblins
  5 jackals
  A kobold (D:2)
  2 quokkas (D:3)
  9 bats
  3 goblins
  6 rats
35 creatures vanquished.

Vanquished Creatures (collateral kills)
  Terence (D:3)
  An adder (D:3)
  A worm (D:2)
  2 giant geckos
  2 orcs (D:3)
  2 giant cockroaches
  3 goblins
  5 hobgoblins
  2 kobolds
  4 jackals (D:1)
  2 rats
25 creatures vanquished.

Grand Total: 60 creatures vanquished

Notes
Turn   | Place    | Note
--------------------------------------------------------------
     0 | D:1      | Miyamura the Tengu Summoner began the quest for the Orb.
     0 | D:1      | Reached XP level 1. HP: 10/10 MP: 4/4
   436 | D:1      | Reached skill level 5 in Summonings
   623 | D:1      | Reached XP level 2. HP: 7/16 MP: 3/6
  1410 | D:1      | Learned a level 2 spell: Call Imp
  1771 | D:2      | Reached XP level 3. HP: 12/20 MP: 1/7
  2316 | D:2      | Found a white marble altar of Elyvilon.
  2413 | D:2      | Reached skill level 1 in Fighting
  2687 | D:3      | Found a blossoming altar of Fedhas.
  3009 | D:3      | Reached XP level 4. HP: 15/25 MP: 5/8
  3474 | D:3      | Learned a level 3 spell: Call Canine Familiar
  3546 | D:3      | Noticed Terence
  3560 | D:3      | Killed Terence
  3822 | D:3      | Gained mutation: You have an increased reservoir of magic (+10% MP). [potion of beneficial mutation]
  3839 | D:3      | Killed from afar by an orc priest

Action                   |  1- 3 |  4- 6 || total
-------------------------+-------+-------++-------
Melee: Club              |    12 |       ||    12
       Unarmed           |     2 |       ||     2
       Dagger            |    87 |    20 ||   107
       Mace              |    11 |       ||    11
 Cast: Summon Small Mamm |    32 |       ||    32
       Call Imp          |    12 |     8 ||    20
       Call Canine Famil |       |     3 ||     3
  Use: Potion            |     3 |     1 ||     4
       Scroll            |    11 |     2 ||    13
 Stab: Sleeping          |     6 |     4 ||    10
       Distracted        |     2 |       ||     2
  Eat: Chunk             |     8 |     3 ||    11
